 Dungeon Crawl Stone Soup version 0.18.1-50-g88ac8fd (webtiles) character file.

10012 Erymatos the Cleaver (level 11, -8/99 HPs)
             Began as a Minotaur Berserker on Oct 20, 2017.
             Was a High Priest of Trog.
             Killed from afar by Azrael (40 damage)
             ... with a bolt of fire
             ... on level 12 of the Dungeon.
             The game lasted 00:33:12 (11227 turns).

Erymatos the Cleaver (Minotaur Berserker)          Turns: 11227, Time: 00:33:23

Health: -8/99      AC: 11    Str: 26    XL:     11   Next: 30%
Magic:  9/10       EV: 11    Int:  2    God:    Trog [*****.]
Gold:   635        SH:  7    Dex: 16    Spells: 0 memorised, 10 levels left

rFire  . . .     SeeInvis .     t - +9 hand axe "Koliq" {venom, *Corrode +Inv rN+++ Dex+2}
rCold  + + .     Gourm    .     q - +1 plate armour "Diquc" {rC+ Str+4}
rNeg   + + +     Faith    +     h - +0 buckler
rPois  .         Spirit   .     (helmet restricted)
rElec  .         Dismiss  .     (no cloak)
rCorr  .         Reflect  .     (no gloves)
SustAt .         Harm     .     (no boots)
MR     ++...                    N - amulet of faith
Stlth  ..........               n - ring of protection from cold
                                g - +3 ring of dexterity

@: regenerating, very resistant to hostile enchantments, extremely unstealthy
A: retaliatory headbutt, horns 2, icy blue scales 1, deformed body, dopey 1,
weak 1
a: Berserk, Trog's Hand, Brothers in Arms, Burn Spellbooks, Renounce Religion,
Evoke Invisibility


You were on level 12 of the Dungeon.
You worshipped Trog.
Trog was extremely pleased with you.
You were hungry.

You visited 1 branch of the dungeon, and saw 12 of its levels.

You collected 859 gold pieces.
You spent 224 gold pieces at shops.

Inventory:

Hand Weapons
 t - the +9 hand axe "Koliq" (weapon) {venom, *Corrode +Inv rN+++ Dex+2}
   (You bought it in a shop on level 9 of the Dungeon)

   It poisons the flesh of those it strikes.
   It affects your dexterity (+2).
   It renders you almost immune to negative energy.
   It lets you turn invisible.
   It may corrode you when you take damage.
 y - a +4 broad axe of flaming
 L - a +1 antimagic broad axe
Armour
 h - a +0 buckler (worn)
 q - the +1 plate armour "Diquc" (worn) {rC+ Str+4}
   (You found it on level 9 of the Dungeon)

   It affects your strength (+4).
   It protects you from cold.
Jewellery
 g - a +3 ring of dexterity (left hand)
 n - a ring of protection from cold (right hand)
 D - a +5 amulet of reflection
 N - an amulet of faith (around neck)
Wands
 a - a wand of slowing (26/48)
 b - a wand of polymorph (12/24)
 l - a wand of paralysis (10/24)
 K - a wand of digging (4/24)
 Q - a wand of random effects (27/48)
Scrolls
 d - 10 scrolls of identify
 f - a scroll of amnesia {unknown}
 j - 4 scrolls of remove curse
 o - 2 scrolls of enchant armour
 p - 2 scrolls of enchant weapon {unknown}
 r - 4 scrolls of random uselessness {unknown}
 v - a scroll of noise {unknown}
 w - 2 scrolls of teleportation {unknown}
 A - 2 scrolls of magic mapping {unknown}
 C - a scroll of immolation {unknown}
 E - 2 scrolls of recharging {unknown}
 F - 3 scrolls of fog {unknown}
Potions
 e - 2 potions of heal wounds {unknown}
 i - 3 potions of magic {unknown}
 k - 4 potions of agility {unknown}
 s - 2 potions of haste
 u - 4 potions of curing {unknown}
 x - 3 potions of brilliance {unknown}
 z - 2 potions of lignification {unknown}
 B - a potion of cure mutation {unknown}
 G - a potion of mutation {unknown}
 H - 2 potions of might {unknown}
 I - a potion of resistance {unknown}
Books
 J - a Necronomicon

   Spells                             Type                      Level
   a - Haunt                          Necromancy/Summoning         7
   b - Borgnjor's Revivification      Necromancy                   8
   c - Death's Door                   Charms/Necromancy            8
   d - Necromutation                  Transmutation/Necromancy     8
   Trog disapproves of the use of such an item.
 M - a book of Alchemy

   Spells                             Type                      Level
   a - Sublimation of Blood           Necromancy                   2
   b - Ignite Poison                  Fire/Transmutation/Poison    3
   c - Petrify                        Transmutation/Earth          4
   d - Alistair's Intoxication        Transmutation/Poison         5
   e - Irradiate                      Conjuration/Transmutation    5
   Trog disapproves of the use of such an item.
 O - a book of Fire

   Spells                             Type                      Level
   a - Ignite Poison                  Fire/Transmutation/Poison    3
   b - Fireball                       Conjuration/Fire             5
   c - Bolt of Fire                   Conjuration/Fire             6
   d - Delayed Fireball               Conjuration/Fire             7
   e - Ring of Flames                 Charms/Fire                  7
   Trog disapproves of the use of such an item.
 P - a book of the Warp

   Spells                             Type                      Level
   a - Recall                         Summoning/Translocation      3
   b - Gell's Gravitas                Hexes/Translocation          3
   c - Force Lance                    Conjuration/Translocation    4
   d - Warp Weapon                    Charms/Translocation         5
   e - Summon Forest                  Summoning/Translocation      5
   Trog disapproves of the use of such an item.
Comestibles
 c - 6 bread rations
 m - 6 meat rations
 R - a beef jerky


   Skills:
 + Level 10.0 Fighting
 + Level 11.1 Axes
 + Level 10.7 Armour
 + Level 5.9 Dodging
 - Level 10.5 Shields


You had 10 spell levels left.
You didn't know any spells.

Dungeon Overview and Level Annotations

Branches:
Dungeon (12/15)            Temple (0/1) D:5            Lair (0/8) D:9
    Orc: D:9-12

Altars:
Elyvilon
Makhleb
Nemelex Xobeh
Sif Muna
Trog
Vehumet
Xom
Zin
Beogh

Shops:
D:4 *   D:8 *   D:9 (   D:10 =

Annotations:
D:12 Azrael


Innate Abilities, Weirdness & Mutations

You reflexively headbutt those who attack you in melee.
You have a pair of horns on your head.
You are partially covered in icy blue scales (AC +1).
Armour fits poorly on your strangely shaped body.
You are dopey. (Int -2)
You are weak. (Str -2)


Message History

You hit the fire elemental.
The fire elemental is heavily damaged.
Your two-headed ogre hits the fire elemental with a giant club!!
Your two-headed ogre barely misses the fire elemental.
The fire elemental hits you. The fire elemental burns you!
Unknown command.
You slash the fire elemental!
You destroy the fire elemental!
Your Fighting skill increases to level 10!
Your two-headed ogre hits the fire elemental with a giant club!!
Your two-headed ogre hits the fire elemental with a giant spiked club!!!
The fire elemental is destroyed!
A hell hound comes into view.
The hell hound breathes flames at you.
The blast of flame hits Azrael.
Azrael completely resists.
The blast of flame hits your two-headed ogre.
Azrael gestures at you.
The bolt of fire hits your two-headed ogre.
The bolt of fire hits you!
You die...

###...# #.....#
########.#### ###.#######
............###..........
.......%....#.............
.....).)......#...........
......).....###...........
............# #...........
.......<....# #...........
............# #.@.........
##########.## #..O........
.# ###..###### ## ##R..#
#R.E§h#.>.# #.§.#R#§#.###
.< #E#.# # # ###


You could see Azrael, a hell hound and a friendly two-headed ogre (berserk).

Vanquished Creatures
  Erica (D:10)
  The ghost of Erymatos the Nimble, a novice MiBe of Trog (D:7)
  A deep elf mage (D:12)
  A troll (D:11)
  A two-headed ogre (D:9)
  A vampire (D:9)
  2 hippogriffs
  2 fire elementals (D:12)
  Menkaure (D:4)
  A soldier ant (D:12)
  A mottled dragon (D:10)
  A hell hound (D:12)
  Purgy (D:4)
  10 orc warriors
  3 black bears
  6 sky beasts
  3 phantoms
  An ice beast (D:8)
  4 ogres
  2 centaurs
  A big kobold (D:8)
  A crocodile (D:9)
  5 giant frogs
  A wyvern zombie (D:9)
  A wyvern skeleton (D:6)
  3 scorpions
  3 killer bees (D:9)
  10 wights
  2 howler monkeys
  5 electric eels (D:10)
  10 crimson imps
  2 giant frog zombies
  2 quasits
  2 centaur zombies
  3 centaur skeletons
  2 jellies
  3 giant frog skeletons
  11 orc priests
  4 hounds
  8 orc wizards
  3 iguanas
  6 worker ants
  A mummy (D:5)
  A worker ant zombie (D:8)
  9 adders
  2 gnolls (D:3)
  3 shadow imps (D:5)
  2 adder skeletons (D:4)
  3 worms
  A dart slug (D:4)
  6 giant geckos
  65 orcs
  2 ball pythons
  5 bats
  7 giant cockroaches
  11 goblins
  6 hobgoblins
  9 jackals
  10 kobolds
  A quokka (D:9)
  5 giant newts
  A goblin zombie (D:5)
  A jackal zombie (D:8)
  An orc zombie (D:5)
  A quokka skeleton (D:4)
  14 rats
299 creatures vanquished.

Vanquished Creatures (collateral kills)
  A hill giant (D:10)
  2 fire elementals (D:12)
  An orc (D:10)
4 creatures vanquished.

Vanquished Creatures (others)
  A harpy simulacrum (D:12)
  A centaur (D:10)
  A giant frog zombie (D:12)
  A giant frog skeleton (D:12)
  An orc (D:10)
5 creatures vanquished.

Grand Total: 308 creatures vanquished

Notes
Turn   | Place    | Note
--------------------------------------------------------------
     0 | D:1      | Erymatos the Minotaur Berserker began the quest for the Orb.
     0 | D:1      | Reached XP level 1. HP: 19/19 MP: 0/0
   114 | D:1      | Reached XP level 2. HP: 27/27 MP: 1/1
   472 | D:1      | Reached skill level 4 in Axes
   801 | D:2      | Reached ** piety under Trog
   813 | D:2      | Reached XP level 3. HP: 23/34 MP: 2/2
  1891 | D:3      | Reached skill level 1 in Shields
  1891 | D:3      | Reached XP level 4. HP: 40/41 MP: 3/3
  2056 | D:3      | Found a shimmering altar of Xom.
  2238 | D:3      | Reached *** piety under Trog
  2474 | D:4      | Noticed Purgy
  2480 | D:4      | Reached XP level 5. HP: 47/47 MP: 4/4
  2490 | D:4      | Killed Purgy
  2490 | D:4      | Reached skill level 5 in Shields
  2817 | D:4      | Noticed Menkaure
  2824 | D:4      | Killed Menkaure
  2824 | D:4      | Reached XP level 6. HP: 5/53 MP: 5/5
  3104 | D:4      | Found Goqu's General Store.
  3639 | D:4      | Reached XP level 7. HP: 45/60 MP: 6/6
  3777 | D:5      | Entered Level 5 of the Dungeon
  4084 | D:5      | Found a staircase to the Ecumenical Temple.
  4110 | D:5      | Reached **** piety under Trog
  4152 | D:5      | Found a sand-covered staircase.
  4686 | D:6      | Reached skill level 10 in Shields
  4686 | D:6      | Reached XP level 8. HP: 61/67 MP: 7/7
  4824 | D:6      | Reached skill level 5 in Fighting
  4905 | D:6      | Reached skill level 5 in Axes
  5643 | D:7      | Noticed Erymatos's ghost (novice MiBe)
  5673 | D:7      | Killed Erymatos's ghost
  5673 | D:7      | Reached skill level 6 in Axes
  5673 | D:7      | Reached skill level 5 in Armour
  5673 | D:7      | Reached XP level 9. HP: 31/77 MP: 8/8
  6261 | D:7      | Reached ***** piety under Trog
  6449 | D:8      | Reached skill level 7 in Axes
  7003 | D:8      | Reached skill level 5 in Dodging
  7051 | D:8      | Found a glowing silver altar of Zin.
  7051 | D:8      | Found a deep blue altar of Sif Muna.
  7140 | D:8      | Found Xaof's General Store.
  7155 | D:8      | Reached skill level 8 in Axes
  7278 | D:8      | Found a sparkling altar of Nemelex Xobeh.
  7287 | D:8      | Found a white marble altar of Elyvilon.
  7512 | D:9      | Got a jewelled plate armour
  7523 | D:9      | Identified the cursed +1 plate armour "Diquc" {rC+ Str+4} (You found it on level 9 of the Dungeon)
  7610 | D:9      | Found a burning altar of Makhleb.
  7610 | D:9      | Found a radiant altar of Vehumet.
  7686 | D:9      | Found a staircase to the Lair.
  7728 | D:9      | Reached XP level 10. HP: 80/88 MP: 9/9
  7747 | D:9      | Found a bloodstained altar of Trog.
  8306 | D:9      | Found a glowing silver altar of Zin.
  8314 | D:9      | Gained mutation: You are partially covered in icy blue scales (AC +1). [mutagenic meat]
  8315 | D:9      | Gained mutation: Armour fits poorly on your strangely shaped body. [mutagenic meat]
  8316 | D:9      | Gained mutation: You are dopey. (Int -2) [mutagenic meat]
  8317 | D:9      | Gained mutation: You are weak. (Str -2) [mutagenic meat]
  8352 | D:9      | Reached skill level 9 in Axes
  8358 | D:9      | Found a roughly hewn altar of Beogh.
  8381 | D:9      | Received a gift from Trog
  8715 | D:9      | Found Kovies's Antique Weapon Emporium.
  8720 | D:9      | Bought an ancient hand axe for 224 gold pieces
  8720 | D:9      | Identified the +9 hand axe "Koliq" {venom, *Corrode +Inv rN+++ Dex+2} (You bought it in a shop on level 9 of the Dungeon)
  8767 | D:10     | Entered Level 10 of the Dungeon
  9162 | D:10     | Noticed Erica
  9168 | D:10     | Killed Erica
  9299 | D:10     | Reached skill level 10 in Axes
  9747 | D:10     | Noticed a hill giant
  9760 | D:10     | Killed a hill giant
 10116 | D:10     | Found Jopoin's Jewellery Shop.
 10415 | D:10     | Reached XP level 11. HP: 97/99 MP: 10/10
 10608 | D:11     | Reached skill level 10 in Armour
 11058 | D:12     | Noticed a deep elf mage
 11060 | D:12     | Received a gift from Trog
 11063 | D:12     | Killed a deep elf mage
 11158 | D:12     | Reached skill level 11 in Axes
 11215 | D:12     | Noticed Azrael
 11226 | D:12     | Reached skill level 10 in Fighting
 11227 | D:12     | Killed from afar by Azrael

Skill      XL: |  1  2  3  4  5  6  7  8  9 10 11 |
---------------+----------------------------------+-----
Fighting       | 4 6 7 9 10 | 10.0
Axes           | 4 6 8 10 11 | 11.1
Dodging        | 3 4 5 |  5.9
Shields        | 1 3 6 7 10 | 10.5
Armour         | 5 7 9 10 | 10.7

Action                   |  1- 3 |  4- 6 |  7- 9 | 10-12 || total
-------------------------+-------+-------+-------+-------++-------
Melee: Hand axe          |    93 |   101 |   373 |   212 ||   779
       Headbutt          |    11 |    25 |    94 |    66 ||   196
       Broad axe         |       |       |       |    42 ||    42
Invok: Berserk           |       |     3 |     9 |     5 ||    17
       Brothers in Arms  |       |       |     1 |     3 ||     4
       Trog's Hand       |       |       |     1 |     1 ||     2
  Use: Scroll            |       |     3 |       |     1 ||     4
 Stab: Sleeping          |     2 |       |       |       ||     2
  Eat: Chunk             |     1 |     4 |     8 |    13 ||    26
       Meat ration       |     1 |       |     1 |       ||     2
       Fruit             |       |     2 |     3 |       ||     5
       Bread ration      |       |       |     1 |     1 ||     2
       Beef jerky        |       |       |     3 |     1 ||     4
Armor: Animal skin       |    18 |     3 |       |       ||    21
       Ring mail         |       |     4 |       |       ||     4
       Plate armour      |       |    13 |   188 |    71 ||   272
Dodge: Dodged            |    61 |    42 |   150 |    69 ||   322
Block: Buckler           |     4 |    25 |   123 |   144 ||   296
       Reflection        |       |       |       |     6 ||     6
